 Dungeon Crawl Stone Soup version 0.26.1-11-gd32895ea62 (webtiles) character file.

Game seed: 409349609413390196

92857 Eitelfritz the Fencer (level 15, -11/141 HPs)
             Began as a Minotaur Gladiator on Apr 16, 2021.
             Was the Champion of Okawaru.
             Mangled by Donald
             ... wielding a +0 antimagic demon trident
              (29 damage)
             ... on level 2 of the Orcish Mines.
             The game lasted 01:21:40 (31359 turns).

Eitelfritz the Fencer (Minotaur Gladiator)         Turns: 31359, Time: 01:21:41

Health: -11/141    AC: 28    Str: 25    XL:     15   Next: 59%
Magic:  1/18       EV: 29    Int:  9    God:    Okawaru [******]
Gold:   2561       SH:  0    Dex: 14    Spells: 13/14 levels left

rFire    . . .     SeeInvis .   a - +2 long sword (flame)
rCold    . . .     Faith    .   (no shield)
rNeg     . . .     Spirit   .   h - +4 chain mail {rPois}
rPois    +         Reflect  .   k - +2 hat {Will+}
rElec    .         Harm     .   T - +0 cloak
rCorr    .         Rampage  +   G - +2 pair of gloves {archery}
Will     +++..                  f - +2 pair of boots {rampage}
Stlth    ..........             Q - amulet of the acrobat
HPRegen  0.33/turn              q - ring of willpower
MPRegen  0.16/turn              p - +6 ring of strength

@: acrobat
A: retaliatory headbutt, horns 2
a: Renounce Religion, Heroism, Finesse


You were on level 2 of the Orcish Mines.
You worshipped Okawaru.
Okawaru was exalted by your worship.
You visited 4 branches of the dungeon, and saw 23 of its levels.
You also visited: Bailey and Ice Cave.

You collected 2838 gold pieces.
You spent 277 gold pieces at shops.

Inventory:

Hand Weapons
 a - a +2 long sword of flaming (weapon)
 b - a +3 longbow of freezing
 c - a +1 triple sword of holy wrath
 u - the +8 frozen axe "Frostbite" {freezing cloud, *Noise +Fly rC+}
   (You found it on level 5 of the Lair of Beasts)

   It has been specially enchanted to freeze those struck by it, causing extra
   injury to most foes and up to half again as much damage against particularly
   susceptible opponents.
   It can also slow down cold-blooded creatures.
   It protects you from cold.
   It lets you fly.
   It may make noises in combat.
 U - a +3 great sword of holy wrath
Missiles
 d - a throwing net (quivered)
 i - 562 arrows
Armour
 f - a +2 pair of boots of rampaging (worn)
 h - a +4 chain mail of poison resistance (worn)
 k - a +2 hat of willpower (worn)
 G - a +2 pair of gloves of archery (worn)
 R - a +2 hat of see invisible
 T - a +0 cloak (worn)
Jewellery
 p - a +6 ring of strength (right hand)
 q - a ring of willpower (left hand)
 Q - an amulet of the acrobat (around neck)
 V - an uncursed ring of positive energy
Wands
 j - a wand of paralysis (17)
 x - a wand of digging (8)
 C - a wand of flame (29)
 D - a wand of iceblast (9)
 F - a wand of polymorph (27)
 L - a wand of random effects (47)
 P - a wand of acid (11)
Scrolls
 e - 2 scrolls of enchant weapon
 g - 4 scrolls of identify
 m - 18 scrolls of teleportation
 n - 5 scrolls of amnesia
 w - a scroll of holy word
 A - 5 scrolls of fear
 E - 3 scrolls of blinking
 J - 7 scrolls of remove curse
 K - 5 scrolls of magic mapping
 M - 4 scrolls of fog
 N - a scroll of enchant armour
 O - a scroll of summoning
Potions
 l - 11 potions of curing
 o - 3 potions of heal wounds
 r - 5 potions of might
 s - 2 potions of cancellation
 t - 2 potions of invisibility
 v - 5 potions of haste
 z - 3 potions of flight
 B - 2 potions of brilliance
 I - 2 potions of berserk rage
 S - 2 potions of ambrosia


   Skills:
 + Level 15.0 Fighting
 + Level 17.1 Long Blades
 + Level 10.7 Bows
 + Level 2.3 Throwing
 + Level 15.6 Armour
 + Level 8.7 Dodging
 + Level 3.0 Stealth
 + Level 6.0 Unarmed Combat
 + Level 0.3 Hexes
 + Level 6.2 Invocations


You had 13 spell levels left.
You knew the following spells:

 Your Spells              Type           Power        Failure   Level
a - Corona                Hex            0%           80%         1

Your spell library contained the following spells:

 Spells                   Type           Power        Failure   Level
 Animate Skeleton         Necr           0%           83%         1
 Apportation              Tloc           0%           83%         1
 Foxfire                  Conj/Fire      0%           83%         1
 Pain                     Necr           0%           83%         1
 Shock                    Conj/Air       0%           83%         1
 Sting                    Tmut/Pois      0%           83%         1
 Summon Small Mammal      Summ           0%           83%         1
 Ensorcelled Hibernation  Hex/Ice        0%           91%         2
 Poisonous Vapours        Pois/Air       0%           93%         2
 Swiftness                Air            0%           93%         2
 Confusing Touch          Hex            0%           99%         3
 Conjure Flame            Conj/Fire      0%           99%         3
 Dazzling Flash           Conj/Hex       0%           99%         3
 Ignite Poison            Fire/Tmut/Pois 0%           99%         3
 Inner Flame              Hex/Fire       0%           99%         3
 Mephitic Cloud           Conj/Pois/Air  0%           99%         3
 Spider Form              Tmut/Pois      0%           99%         3
 Static Discharge         Conj/Air       0%           99%         3
 Tukima's Dance           Hex            0%           99%         3
 Vampiric Draining        Necr           0%           99%         3
 Airstrike                Air            0%           100%        4
 Animate Dead             Necr           0%           100%        4
 Olgreb's Toxic Radiance  Pois           0%           100%        4
 Sticky Flame             Conj/Fire      0%           100%        4
 Agony                    Necr           0%           100%        5
 Fireball                 Conj/Fire      0%           100%        5
 Lightning Bolt           Conj/Air       0%           100%        5


Dungeon Overview and Level Annotations

Branches:
Dungeon (14/15)            Temple (1/1) D:4            Lair (6/6) D:10
  Swamp (0/4) Lair:4       Spider (0/4) Lair:3        Slime (0/5) Lair:5
    Orc (2/2) D:11         Vaults (0/5) D:13         Bailey (visited)
  IceCv (visited)
    Elf: Orc:2

Altars:
Ashenzari
Cheibriados
Dithmenos
Elyvilon
Fedhas
Gozag
Hepliaklqana
Kikubaaqudgha
Makhleb
Nemelex Xobeh
Okawaru
Qazlal
Ru
Sif Muna
Trog
Uskayaw
Vehumet
Wu Jian
Xom
Yredelemnul
Zin
The Shining One

Shops:
D:4 (   D:10 *   D:14 [

Annotations:
Orc:2 Donald


Innate Abilities, Weirdness & Mutations

You reflexively headbutt those who attack you in melee.
You have a pair of horns on your head.


Message History

Donald gestures wildly while chanting.
Donald seems to speed up.
The ettin hits you with a +0 great mace!
The ettin misses you. Donald blocks your attack.
You headbutt Donald, but do no damage.
Donald is severely wounded.
Donald hits you but does no damage.
You hit Donald. You burn Donald. You headbutt Donald.
Donald is almost dead.
Donald says, "I prefer the Lair of the Beasts, to be honest.
At least animals don't complain."
Donald misses you.
The ettin hits you with a +0 great mace!!
* * * LOW HITPOINT WARNING * * *
The ettin barely misses you.
Donald says, "That colour you're wearing?
I hate that."
Donald completely misses you. The ettin closely misses you. x2
Donald says, "What do they mine anyway?
I've never seen them mine anything."
Donald hits you but does no damage.
Donald hits you from afar with a +0 antimagic demon trident!!
You die...

............#.........#
......#.................
........................
...#..........)..$.<....
............).....$.....
.................$......
..............#.........
........)...............
.......)<)..@C@.........
.........)..............
########.......$........
###..#####....... ####
#...... #..... #$.. ..


You could see Donald (fast, strong) and an ettin.

Vanquished Creatures
  Rupert (D:14)
  Jorgrun (D:12)
  Gastronok (Lair:3)
  Josephine (Lair:4)
  5 hydras
  A vault guard (D:13)
  6 boulder beetles
  3 centaur warriors
  A catoblepas (Lair:2)
  5 two-headed ogres
  An ogre mage (Orc:1)
  3 unseen horrors
  Pikel (D:5)
  2 lindwurms
  10 ugly things
  9 oklob plants
  4 cyclopes
  Maurice (D:13)
  2 deep elf magi
  2 ice statues (IceCv)
  12 black mambas
  13 elephants
  26 cane toads
  3 gargoyles
  6 komodo dragons
  5 rime drakes
  2 tengu conjurers (D:14)
  3 trolls
  Grinder (D:6)
  A wind drake (shapeshifter) (D:14)
  6 polar bears
  3 hornets
  8 tyrant leeches
  43 blink frogs
  4 slime creatures (D:14)
  7 dream sheep (Lair:4)
  A centaur simulacrum (D:13)
  A shadow (D:13)
  5 basilisks
  7 water elementals
  5 wraiths
  Eustachio (D:6)
  7 wyverns
  30 yaks
  6 vampire mosquitoes (Lair:6)
  A swamp worm (Lair:4)
  A warg (Orc:1)
  12 water moccasins
  An acid dragon (D:12)
  A soldier ant (D:10)
  11 orc warriors
  2 eyes of draining
  A hornet zombie (D:10)
  10 ice beasts
  4 sky beasts
  A black bear (D:13)
  A necrophage (D:6)
  17 wolves
  14 ogres
  14 centaurs
  Blork the orc (D:5)
  21 bullfrogs
  2 wyvern zombies
  A water moccasin zombie (D:7)
  2 wyvern skeletons (D:10)
  A hornet simulacrum (D:14)
  2 scorpions
  14 killer bees
  7 electric eels
  11 wights
  4 centaur zombies
  7 hounds
  5 orc priests
  4 bullfrog skeletons
  2 bullfrog zombies
  4 jellies
  Crazy Yiuf (D:2)
  3 centaur skeletons
  3 iguanas
  14 orc wizards
  13 worker ants
  A killer bee zombie (D:8)
  A bullfrog simulacrum (D:13)
  A hound zombie (D:7)
  2 hound skeletons
  A worker ant zombie (D:11)
  11 gnolls
  11 adders
  2 shadow imps
  6 white imps
  6 ufetubi
  3 oozes
  An adder zombie (D:9)
  An adder skeleton (D:7)
  3 worms
  A dart slug (D:2)
  8 leopard geckos
  54 orcs
  5 ball pythons
  7 bats
  7 giant cockroaches
  16 goblins
  10 hobgoblins
  12 jackals
  16 kobolds
  6 quokkas
  7 frilled lizards
  A jackal skeleton (D:7)
  2 leopard gecko zombies
  5 rats
  A toadstool (D:10)
687 creatures vanquished.

Vanquished Creatures (others)
  An ugly thing (IceCv)
  46 fungi
  127 plants
  3 toadstools (D:10)
177 creatures vanquished.

Grand Total: 864 creatures vanquished

Notes
Turn   | Place    | Note
-------+----------+-------------------------------------------
     0 | D:1      | Eitelfritz the Minotaur Gladiator began the quest for the
                  | Orb.
     0 | D:1      | Reached XP level 1. HP: 18/18 MP: 0/0
    82 | D:1      | Reached skill level 4 in Long Blades
   219 | D:1      | Reached XP level 2. HP: 25/25 MP: 1/1
   805 | D:1      | Reached XP level 3. HP: 28/30 MP: 2/2
  1054 | D:1      | Reached skill level 1 in Armour
  1473 | D:2      | Found a basalt altar of Yredelemnul.
  1502 | D:2      | Found a runed translucent door.
  1503 | D:2      | Noticed Crazy Yiuf
  1813 | D:2      | Reached XP level 4. HP: 33/38 MP: 3/3
  1995 | D:2      | Found a shimmering blue altar of Sif Muna.
  2004 | D:2      | Found a faded altar of an unknown god.
  2035 | D:2      | Reached skill level 5 in Long Blades
  2354 | D:2      | Found an opulent altar of Gozag.
  3015 | D:3      | Reached XP level 5. HP: 45/45 MP: 4/4
  3801 | D:4      | Found Byecugim's Antique Weapon Shop.
  3809 | D:4      | Bought a scimitar for 116 gold pieces
  3953 | D:4      | Reached skill level 6 in Long Blades
  3953 | D:4      | Reached skill level 1 in Stealth
  3974 | D:4      | Reached XP level 6. HP: 51/51 MP: 5/5
  4342 | D:4      | Found a staircase to the Ecumenical Temple.
  4355 | Temple   | Entered the Ecumenical Temple
  4360 | Temple   | Became a worshipper of Warmaster Okawaru
  4826 | D:2      | Killed Crazy Yiuf
  4953 | D:5      | Entered Level 5 of the Dungeon
  4964 | D:5      | Noticed Blork the orc
  4998 | D:5      | Killed Blork the orc
  5200 | D:5      | Reached skill level 7 in Long Blades
  5200 | D:5      | Reached XP level 7. HP: 34/59 MP: 6/6
  5386 | D:5      | Reached * piety under Okawaru
  5611 | D:5      | Noticed Pikel
  5617 | D:5      | Paralysed by Pikel for 4 turns
  5634 | D:5      | Killed Pikel
  5634 | D:5      | Reached ** piety under Okawaru
  5635 | D:5      | Reached skill level 8 in Long Blades
  5635 | D:5      | Reached skill level 5 in Armour
  5635 | D:5      | Reached skill level 5 in Dodging
  5635 | D:5      | Reached XP level 8. HP: 66/67 MP: 7/7
  6351 | D:6      | Noticed Grinder
  6351 | D:6      | Paralysed by Grinder for 5 turns
  6363 | D:6      | Killed Grinder
  6364 | D:6      | Reached skill level 5 in Fighting
  6364 | D:6      | Reached skill level 9 in Long Blades
  6479 | D:6      | Reached *** piety under Okawaru
  6649 | D:6      | Reached skill level 10 in Long Blades
  6796 | D:6      | Reached XP level 9. HP: 67/74 MP: 8/8
  7292 | D:6      | Noticed Eustachio
  7312 | D:6      | Killed Eustachio
  7313 | D:6      | Reached skill level 1 in Bows
  7349 | D:6      | Reached skill level 11 in Long Blades
  7824 | D:7      | Found a hazy altar of Hepliaklqana.
  7889 | D:7      | Reached **** piety under Okawaru
  8166 | D:7      | Found a hide-covered altar of Uskayaw.
  9110 | D:8      | Found a glowing golden altar of the Shining One.
  9222 | D:8      | Learned a level 1 spell: Corona
  9594 | D:8      | Reached XP level 10. HP: 48/86 MP: 9/9
  9946 | D:9      | Found an ornate altar of the Wu Jian Council.
 10090 | D:9      | Found a flagged portal.
 10122 | Bailey   | Entered a bailey
 10224 | Bailey   | Reached skill level 12 in Long Blades
 10356 | Bailey   | Found a burning altar of Makhleb.
 10478 | Bailey   | Got a pitted battleaxe
 10764 | D:9      | Reached ***** piety under Okawaru
 10962 | D:10     | Entered Level 10 of the Dungeon
 10975 | D:10     | Found a staircase to the Lair.
 11186 | D:10     | Found Udghos's General Store.
 11205 | D:10     | Reached skill level 1 in Invocations
 11304 | D:10     | Bought a +0 pair of gloves of archery for 161 gold pieces
 11326 | D:10     | Noticed a gargoyle
 11360 | D:10     | Killed a gargoyle
 11360 | D:10     | Received a gift from Okawaru
 11933 | D:11     | Noticed a gargoyle
 11944 | D:11     | Killed a gargoyle
 12037 | D:11     | Found a staircase to the Orcish Mines.
 12075 | D:11     | Reached skill level 5 in Bows
 12089 | D:11     | Noticed a purple ugly thing
 12111 | D:11     | Killed a purple ugly thing
 12272 | D:11     | Got a bronze ring mail
 12733 | D:11     | Reached XP level 11. HP: 95/95 MP: 12/12
 12844 | D:12     | Noticed a brown ugly thing
 12863 | D:11     | Killed a brown ugly thing
 13261 | D:12     | Noticed a purple ugly thing
 13272 | D:12     | Killed a purple ugly thing
 13523 | D:12     | Received a gift from Okawaru
 13524 | D:12     | Reached skill level 13 in Long Blades
 13758 | D:12     | Noticed a boulder beetle
 13771 | D:12     | Killed a boulder beetle
 13979 | D:12     | Noticed a boulder beetle
 13998 | D:12     | Killed a boulder beetle
 14346 | D:12     | Noticed Jorgrun
 14362 | D:12     | Killed Jorgrun
 14362 | D:12     | Received a gift from Okawaru
 14363 | D:12     | Reached skill level 10 in Armour
 14363 | D:12     | Reached skill level 5 in Invocations
 14937 | D:12     | Noticed a brown ugly thing
 14956 | D:12     | Killed a brown ugly thing
 15421 | D:13     | Noticed an unseen horror
 15423 | D:13     | Killed an unseen horror
 15469 | D:13     | Noticed Maurice
 15481 | D:13     | Killed Maurice
 15515 | D:13     | Found a frozen archway.
 15523 | D:13     | Reached XP level 12. HP: 106/106 MP: 15/15
 15525 | D:13     | Reached skill level 14 in Long Blades
 15538 | IceCv    | Entered an ice cave
 15555 | IceCv    | Found a transporter.
 15830 | IceCv    | Found a transporter.
 15849 | IceCv    | Reached skill level 10 in Fighting
 16082 | IceCv    | Identified the Handbook of Lightness and Contamination
 16172 | D:13     | Received a gift from Okawaru
 16228 | D:13     | Noticed a boulder beetle
 16245 | D:13     | Killed a boulder beetle
 16501 | D:13     | Noticed a centaur warrior
 16518 | D:13     | Killed a centaur warrior
 16612 | D:13     | Noticed a centaur warrior
 16629 | D:13     | Killed a centaur warrior
 16655 | D:13     | Reached ****** piety under Okawaru
 17342 | D:13     | Noticed a vault guard
 17350 | D:13     | Killed a vault guard
 17388 | D:13     | Found a gate to the Vaults.
 17478 | D:13     | Received a gift from Okawaru
 17592 | D:13     | Noticed a boulder beetle
 17627 | D:13     | Killed a boulder beetle
 17998 | D:13     | Reached XP level 13. HP: 116/116 MP: 16/16
 18241 | D:13     | Identified the cursed +0 ring mail of Inquiry {rN+ Slay+2}
                  | (You found it on level 11 of the Dungeon)
 18289 | D:14     | Received a gift from Okawaru
 18294 | D:14     | Reached skill level 15 in Long Blades
 18404 | D:14     | Noticed Rupert
 18435 | D:14     | Killed Rupert
 19149 | D:14     | Found an iron altar of Okawaru.
 19193 | D:14     | Found Tushuxzum's Antique Armour Boutique.
 19893 | Lair:1   | Entered Level 1 of the Lair of Beasts
 19967 | Lair:1   | Received a gift from Okawaru
 21267 | Lair:2   | Reached skill level 1 in Unarmed Combat
 21607 | Lair:2   | Reached XP level 14. HP: 80/129 MP: 17/17
 22330 | Lair:2   | Identified a scroll of acquirement
 22345 | Lair:2   | Acquired 912 gold pieces
 22381 | Lair:2   | Reached skill level 16 in Long Blades
 22866 | Lair:3   | Received a gift from Okawaru
 22951 | Lair:3   | Noticed Gastronok
 22964 | Lair:3   | Killed Gastronok
 23113 | Lair:3   | Found a hole to the Spider Nest.
 24472 | Lair:4   | Noticed Josephine
 24484 | Lair:4   | Killed Josephine
 24602 | Lair:4   | Found a blossoming altar of Fedhas.
 24876 | Lair:4   | Found a staircase to the Swamp.
 25235 | Lair:4   | Received a gift from Okawaru
 25481 | Lair:5   | Found the +8 frozen axe "Frostbite" {freezing cloud, *Noise
                  | +Fly rC+}
 25739 | Lair:5   | Found a staircase to the Slime Pits.
 26569 | Lair:6   | Entered Level 6 of the Lair of Beasts
 26665 | Lair:5   | Received a gift from Okawaru
 26824 | Lair:6   | Reached skill level 15 in Armour
 26891 | Lair:6   | Reached skill level 5 in Unarmed Combat
 27388 | Lair:6   | Reached XP level 15. HP: 105/139 MP: 18/18
 27516 | Lair:6   | Received a gift from Okawaru
 28881 | Lair:6   | Reached skill level 17 in Long Blades
 29107 | Lair:6   | Reached skill level 10 in Bows
 30687 | Orc:1    | Entered Level 1 of the Orcish Mines
 30731 | Orc:1    | Reached skill level 15 in Fighting
 31028 | Orc:2    | Entered Level 2 of the Orcish Mines
 31028 | Orc:2    | Noticed Donald
 31322 | Orc:2    | Received a gift from Okawaru
 31359 | Orc:2    | Mangled by Donald

Illustrated notes

Levels and vault maps discovered:
D:1:      dpeg_arrival_three_same_balls, layout_loops_ring,
          hangedman_feature_mirror, hangedman_decor_lopped
D:2:      layout_basic, grunt_gozag_breadcrumbs, overflow_temple_1_default,
          nicolae_overflow_hidden_temple,
          chequers_ecumenical_altar_simple_redux, uniq_crazy_yiuf_cottage
D:3:      layout_basic
D:4:      layout_cave_pods, minmay_temple_entry_butterflies, serial_shops,
          nicolae_shop_competitors_out_of_business
D:5:      layout_basic, hangedman_decor_opposing, guppyfry_early_lair_pool,
          uniq_pikel, uniq_blork_the_orc
D:6:      layout_layer_cave, mumra_transporter_accident,
          minmay_fractal_squares_gapless_5, uniq_eustachio, uniq_grinder
D:7:      layout_rooms, old_standard_altar, lemuel_round_altar, st_stairs_7
D:8:      layout_basic, general_overflow_altar, minmay_misc_feat_cross
D:9:      layout_roguey, pdpol_wu_jian_five_deadly_venoms, enter_bailey_3
D:10:     layout_rooms, lair_entry_dummy, serial_shops,
          nicolae_shop_statue_plus, minmay_gold_behind_fungi
D:11:     layout_roguey, orc_0_dummy, serial_bayou_pond_a
D:12:     layout_irregular_city, nicolae_underground_beach, uniq_jorgrun
D:13:     minmay_bubble_buster, layout_loops_cross, david_vaults_5, serial_ice,
          serial_ice_c, serial_ice_m, serial_ice_n, serial_ice_j,
          portal_ice_cave_rime, grunt_ministairs_5, water_maze_lemuel,
          uniq_maurice
D:14:     layout_gridville, serial_shops, nicolae_shop_stone,
          okawaru_ov_weapons_minmay, fountainhead, uniq_rupert
Temple:   minmay_freezing_vapour_temple
Lair:1:   layout_cave_pods, chequers_serial_rivers_large_b,
          serial_bayou_shore_b, grunt_megastairs_3
Lair:2:   layout_cave_pods
Lair:3:   layout_layer_cave, dummy_spider_entry, grunt_megastairs_2,
          uniq_gastronok
Lair:4:   layout_cave_shapes, minmay_swamp_entry_worms, minivault_23,
          chequers_serial_rivers_micro_e, tgw_fedhas, uniq_josephine
Lair:5:   layout_big_grid, minmay_slime_entry_oklob_enclosed,
          lemuel_fruit_fields
Lair:6:   minmay_lair_end_frog_pond, layout_loops_ring,
          infiniplex_staircase_pool, minmay_lair_oklob_chamber,
          serial_bayou_shore_a, serial_bayou_shore_b
Orc:1:    layout_caves, uniq_erica
Orc:2:    kennysheep_orc_mage_school, layout_caves, gauntlet_entry_generic,
          serial_shops, nicolae_shop_stone, uniq_donald

Skill      XL: |  1  2  3  4  5  6  7  8  9 10 11 12 13 14 15 |
---------------+----------------------------------------------+-----
Long Blades    | 4 5 6 7 8 10 11 12 13 14 15 16 17 | 17.1
Armour         | 1 2 3 4 5 6 7 9 10 12 13 15 | 15.6
Fighting       | 3 4 5 7 8 9 11 13 14 15 | 15.0
Dodging        | 4 5 6 7 8 |  8.7
Stealth        | 1 2 3 |  3.0
Bows           | 4 5 6 7 8 9 10 | 10.7
Invocations    | 3 5 6 |  6.2
Unarmed Combat | 1 5 6 |  6.0
Throwing       | |  2.3
Hexes          | |  0.3

Action                   |  1- 3 |  4- 6 |  7- 9 | 10-12 | 13-15 || total
-------------------------+-------+-------+-------+-------+-------++-------
Melee: Long sword        |    74 |    74 |       |   307 |  1027 ||  1482
       Headbutt          |    10 |    27 |    54 |   196 |   318 ||   605
       Scimitar          |       |    48 |   194 |   285 |       ||   527
       Punch             |       |       |       |     3 |    37 ||    40
       Triple sword      |       |       |       |       |    16 ||    16
 Fire: Shortbow          |       |       |    36 |    48 |       ||    84
       Longbow           |       |       |       |    27 |   144 ||   171
Throw: Throwing net      |       |       |     3 |       |       ||     3
 Cast: Corona            |       |       |     1 |       |       ||     1
Invok: Heroism           |       |       |     1 |     9 |     7 ||    17
  Use: Scroll            |       |     6 |     9 |    12 |    10 ||    37
       Potion            |       |       |       |     4 |     1 ||     5
 Stab: Sleeping          |     2 |       |       |       |       ||     2
       Distracted        |       |     1 |       |       |     1 ||     2
Armor: Leather armour    |    22 |    17 |       |       |       ||    39
       Scale mail        |       |    20 |    72 |    18 |       ||   110
       Chain mail        |       |       |       |   222 |   540 ||   762
Dodge: Dodged            |    67 |    94 |   107 |   319 |   678 ||  1265
       Rpst.: Long sword |    18 |    13 |       |    44 |   158 ||   233
       Scimitar          |       |    13 |    34 |    34 |       ||    81
       Triple sword      |       |       |       |       |     2 ||     2
